 Dungeon Crawl Stone Soup version 0.22.1 (webtiles) character file.

14 MalarOregon the Skirmisher (level 2, 0/27 HPs)
             Began as a Hill Orc Fighter on Sept 17, 2018.
             Slain by a leopard gecko (1 damage)
             ... on level 1 of the Dungeon.
             The game lasted 00:00:43 (119 turns).

MalarOregon the Skirmisher (Hill Orc Fighter)        Turns: 119, Time: 00:00:43

Health: 0/27       AC:  6    Str: 18    XL:     2   Next: 41%
Magic:  2/2        EV:  7    Int:  8    God:
Gold:   6          SH:  9    Dex: 10    Spells: 1/1 levels left

rFire    . . .     SeeInvis .   a - +0 war axe
rCold    . . .     Gourm    .   c - +0 shield
rNeg     . . .     Faith    .   b - +0 scale mail
rPois    .         Spirit   .   (no helmet)
rElec    .         Reflect  .   (no cloak)
rCorr    .         Harm     .   (no gloves)
MR       .....                  (no boots)
Stlth    ..........             (no amulet)
HPRegen  0.09/turn              (no ring)
MPRegen  0.08/turn              (no ring)

@: no status effects
A: no striking features
a: no special abilities


You were on level 1 of the Dungeon.
You were not hungry.

You visited 1 branch of the dungeon, and saw 1 of its levels.

You collected 6 gold pieces.

Inventory:

Hand Weapons
 a - a +0 war axe (weapon)
Armour
 b - a +0 scale mail (worn)
 c - a +0 shield (worn)
Potions
 d - a potion of might
Comestibles
 e - a ration {!d}
 f - a chunk of flesh


   Skills:
 + Level 3.9 Fighting
 + Level 3.0 Axes
 + Level 3.5 Armour
 + Level 3.5 Shields


You had one spell level left.
You didn't know any spells.
Your spell library was empty.

Dungeon Overview and Level Annotations

Branches:
Dungeon (1/15)

Altars:


Message History

You closely miss the leopard gecko.
You block the leopard gecko's attack. x2
You barely miss the leopard gecko. You block the leopard gecko's attack.
You miss the leopard gecko.
The leopard gecko bites you but does no damage.
The leopard gecko bites you.
* * * LOW HITPOINT WARNING * * *
You hit the leopard gecko.
The leopard gecko bites you but does no damage.
You barely miss the leopard gecko.
The leopard gecko bites you but does no damage. x2
You hit the leopard gecko but do no damage.
The leopard gecko bites you but does no damage.
You block the leopard gecko's attack.
Your shield and scale mail prevent you from hitting the leopard gecko.
The leopard gecko barely misses you.
Your shield and scale mail prevent you from hitting the leopard gecko.
You block the leopard gecko's attack.
The leopard gecko bites you but does no damage.
You closely miss the leopard gecko.
The leopard gecko bites you but does no damage. x2
You barely miss the leopard gecko.
The leopard gecko bites you but does no damage.
You barely miss the leopard gecko. The leopard gecko closely misses you.
You block the leopard gecko's attack.
You closely miss the leopard gecko.
The leopard gecko bites you but does no damage.
You block the leopard gecko's attack.
Things that are here:
a dagger; 3 chunks of flesh The leopard gecko closely misses you.
The leopard gecko barely misses you. The leopard gecko barely misses you.
You closely miss the leopard gecko. The leopard gecko bites you.
* * * LOW HITPOINT WARNING * * *
You hit the leopard gecko.
The leopard gecko hisses menacingly.
You block the leopard gecko's attack. The leopard gecko barely misses you.
You miss the leopard gecko.
The leopard gecko bites you but does no damage. x2
You hit the leopard gecko but do no damage.
You block the leopard gecko's attack. The leopard gecko bites you.
* * * LOW HITPOINT WARNING * * *
Unknown command.
Your shield and scale mail prevent you from hitting the leopard gecko.
The leopard gecko barely misses you. The leopard gecko closely misses you.
You miss the leopard gecko. You block the leopard gecko's attack.
You closely miss the leopard gecko.
The leopard gecko bites you but does no damage.
The leopard gecko bites you.
You die...

#...... #.
##.#.######
#...#...).....#####
#......)...........
.....#..#.####.....
###. ##.#.......#
..#.......#
####..[....#
#..l@...#
..####.####..#####..
#....................
#.............#####..
#.###########.#
..........#
########..#
#........# .........#


You could see a leopard gecko.

Vanquished Creatures
  A gnoll (D:1)
  2 goblins (D:1)
  A bat (D:1)
  A frilled lizard (D:1)
5 creatures vanquished.

Notes
Turn   | Place    | Note
-------+----------+-------------------------------------------
     0 | D:1      | MalarOregon the Hill Orc Fighter began the quest for the
                  | Orb.
     0 | D:1      | Reached XP level 1. HP: 19/19 MP: 1/1
    68 | D:1      | Reached XP level 2. HP: 11/27 MP: 2/2
    88 | D:1      | HP: 1/27 [leopard gecko (3)]
   116 | D:1      | HP: 1/27 [leopard gecko (2)]
   119 | D:1      | Slain by a leopard gecko

Skill      XL: |  1 |
---------------+----+-----
Axes           | 3 |  3.0
Fighting       | |  3.9
Armour         | |  3.5
Shields        | |  3.5

Action                   || total
-------------------------++-------
Melee: War axe           ||    41
Armor: Scale mail        ||    28
Dodge: Dodged            ||    19
Block: Shield            ||    24
